 Dungeon Sprint DCSS version 0.16-a0-3943-gb4b81e6 (webtiles) character file.

1255 BluebellGnoll the Unseen (level 8, -4/41 (47) HPs)
             Began as a Spriggan Enchanter on Feb 8, 2015.
             Was an Initiate of Vehumet.
             Slain by a polar bear (14 damage)
             ... in the Dungeon (Sprint II: "The Violet Keep of Menkaure").
             The game lasted 00:08:39 (644 turns).

BluebellGnoll the Unseen (Spriggan Enchanter)        Turns: 644, Time: 00:08:40

HP:   -4/41 (47)    AC:  3    Str:  9      XL:     8   Next: 26%
MP:   20/23         EV: 18    Int: 16 (18) God:    Vehumet [......]
Gold: 24            SH:  0    Dex: 17      Spells: 5 memorised, 5 levels left

rFire  + . .     SeeInvis +     a - +1 dagger (curse)
rCold  . . .     Clarity  .     b - +1 robe
rNeg   + . .     SustAb   .     (shield restricted)
rPois  +         Gourm    .     (helmet restricted)
rElec  .         Spirit   .     (no cloak)
rCorr  .         Warding  .     (gloves unavailable)
rMut   .         NoTele   +     (boots unavailable)
MR     ++...                    (no amulet)
Stlth  +++++++++.               (no ring)
                                g - ring "Seugawis" {rPois+ rF+ rN+ MR+ Str+5 Stlth+}

@: very quick, very resistant to hostile enchantments, incredibly stealthy
A: unfitting armour, see invisible, herbivore 3, speed 3, slow metabolism 2
a: Renounce Religion


You were in the Dungeon.
You worshipped Vehumet.
Vehumet was noncommittal.
You were hungry.

You visited 1 branch You collected 972 gold pieces.
You spent 948 gold pieces at shops.

Inventory:

Hand weapons
 a - a cursed +1 dagger (weapon)
Armour
 b - a +1 robe (worn)
Jewellery
 g - the ring "Seugawis" (left hand) {rPois+ rF+ rN+ MR+ Str+5 Stlth+}
   (You bought it in a shop in the Dungeon)

   [ring of positive energy]

   It affects your strength (+5).
   It protects you from fire.
   It protects you from poison.
   It protects you from negative energy.
   It affects your resistance to hostile enchantments.
   It makes you more stealthy.
Scrolls
 e - 4 scrolls of identify
 f - a scroll of remove curse
 j - 2 scrolls of blinking
Potions
 h - a potion of magic
 i - a potion of degeneration
 k - a potion of heal wounds
Books
 c - a book of Maledictions

   Spells                             Type                      Level
   a - Corona                         Hexes                        1
   b - Sure Blade                     Hexes/Charms                 2
   c - Ensorcelled Hibernation        Hexes/Ice                    2
   d - Confuse                        Hexes                        3
   e - Dazzling Spray                 Conjuration/Hexes            3
   f - Enslavement                    Hexes                        4
Comestibles
 d - a bread ration


   Skills:
 - Level 7.9 Fighting
 - Level 5.4 Short Blades
 - Level 3.0 Dodging
 - Level 20.0 Stealth
 * Level 4.7 Spellcasting
 * Level 5.4 Hexes


You had 5 spell levels left.
You knew the following spells:

 Your Spells              Type           Power        Failure   Level  Hunger
a - Corona                Hex            ###....      1%          1    None
b - Ensorcelled Hibernat  Hex/Ice        ##....       10%         2    ##.....
c - Confuse               Hex            ###.....     6%          3    ###....
d - Sure Blade            Hex/Chrm       ##........   10%         2    ##.....
e - Dazzling Spray        Conj/Hex       ##......     17%         3    ###....


Dungeon Overview and Level Annotations

Branches:
Dungeon (1/1)

Altars:
Cheibriados
Dithmenos
Elyvilon
Fedhas
Gozag
Kikubaaqudgha
Makhleb
Nemelex Xobeh
Okawaru
Qazlal
Ru
Sif Muna
Trog
Vehumet
Xom
Yredelemnul
Zin
The Shining One
Beogh
Jiyva
Lugonu

Shops:
D :!:}?%[[(=?[==!?

Annotations:
D exclusion: oklob plant


Innate Abilities, Weirdness & Mutations

You are tiny and cannot use many weapons and most armour.
You have supernaturally acute eyesight.
You are a herbivore.
You cover ground extremely quickly.
You need consume almost no food.


Message History

Casting: Confuse
Confirm with . or Enter, or press ? or * to list all spells.
Aiming: Confuse
Press: ? - help, Shift-Dir - straight line, f/p - polar bear
Aim: a polar bear (chance 50%)
The polar bear resists with significant effort.
The polar bear bites the polar bear!
The polar bear claws the polar bear.
The polar bear barely misses the polar bear.
The polar bear growls angrily.
Drink which item? (? for menu, Esc to quit)
Magic courses through your body.
The walls and floor vibrate strangely for a moment.
Casting: Confuse
Confirm with . or Enter, or press ? or * to list all spells.
Aiming: Confuse
Press: ? - help, Shift-Dir - straight line, f/p - polar bear
Aim: a polar bear (moderately wounded, chance 50%)
The polar bear resists with significant effort.
The polar bear bites you!
You die...

##.##......≈≈≈≈≈≈≈≈≈≈≈≈≈
####§≈.....≈#c########+#
.#≈§≈≈≈≈≈..≈#....._._#≈≈§
##≈≈≈≈≈≈≈≈.≈#...._._.#§≈≈
≈≈§§≈§≈≈§§≈#...h._._#≈§§§
≈§≈≈§§§≈§≈#.._._._.#≈≈t§
≈§≈§≈§≈§{#.⌠._._._#§§§§
≈§≈###≈≈#.._h_._.#≈≈≈≈
#§≈#._.@._..#{§§§
#≈≈#.._._...#§≈≈≈
≈≈≈##########§§§≈
####≈≈≈≈≈≈≈≈≈§≈§
§###≈########§▓▓ §##≈ ▓▓
≈+≈


You could see 2 polar bears and a yaktaur (confused).

Vanquished Creatures
  2 boulder beetles (D)
  Menkaure (D)
  4 necrophages (D)
  4 brain worms (D)
  A crocodile (D)
  4 worker ants (D)
16 creatures vanquished.

Notes
Turn   | Place    | Note
--------------------------------------------------------------
     0 | D        | BluebellGnoll, the Spriggan Enchanter, began the quest for the Orb.
     0 | D        | Reached XP level 1. HP: 9/9 MP: 4/4
     1 | D        | Noticed a boulder beetle
     1 | D        | Noticed a boulder beetle
     4 | D        | Noticed a necrophage
     4 | D        | Noticed a necrophage
     4 | D        | Noticed a necrophage
     4 | D        | Noticed a necrophage
    12 | D        | Killed a necrophage
    12 | D        | Reached skill level 13 in Stealth
    12 | D        | Reached XP level 2. HP: 13/13 MP: 7/7
    12 | D        | Reached XP level 3. HP: 16/16 MP: 9/9
    12 | D        | Reached XP level 4. HP: 21/21 MP: 12/12
    20 | D        | Killed a necrophage
    20 | D        | Reached skill level 5 in Short Blades
    20 | D        | Reached XP level 5. HP: 29/29 MP: 14/14
    27 | D        | Killed a necrophage
    68 | D        | Killed a necrophage
    68 | D        | Reached XP level 6. HP: 23/36 MP: 17/17
    79 | D        | Learned a level 2 spell: Ensorcelled Hibernation
    83 | D        | Learned a level 3 spell: Confuse
    86 | D        | Learned a level 2 spell: Sure Blade
   245 | D        | Noticed a worker ant
   245 | D        | Noticed a worker ant
   245 | D        | Noticed a worker ant
   245 | D        | Noticed a worker ant
   248 | D        | Killed a worker ant
   248 | D        | Reached skill level 14 in Stealth
   249 | D        | Killed a worker ant
   251 | D        | Killed a worker ant
   254 | D        | Killed a worker ant
   254 | D        | Reached skill level 15 in Stealth
   261 | D        | Noticed a brain worm
   357 | D        | Killed a brain worm
   357 | D        | Reached XP level 7. HP: 36/36 MP: 10/19
   417 | D        | Noticed a brain worm
   418 | D        | Killed a brain worm
   418 | D        | Reached skill level 16 in Stealth
   419 | D        | Noticed a brain worm
   419 | D        | Noticed a brain worm
   421 | D        | Killed a brain worm
   421 | D        | Reached skill level 17 in Stealth
   423 | D        | Killed a brain worm
   423 | D        | Reached skill level 18 in Stealth
   439 | D        | Killed a boulder beetle
   439 | D        | Reached skill level 19 in Stealth
   468 | D        | Killed a boulder beetle
   468 | D        | Reached skill level 20 in Stealth
   468 | D        | Reached XP level 8. HP: 41/41 MP: 9/20
   473 | D        | Learned a level 3 spell: Dazzling Spray
   499 | D        | Found Zaz Ujyt's Distillery.
   499 | D        | Found Cranixee's Jewellery Shop.
   499 | D        | Found Pnuatt's Jewellery Boutique.
   499 | D        | Found Udukyfac's Magic Scroll Boutique.
   500 | D        | Found Kurat's Magic Scroll Shop.
   500 | D        | Found Schovuyna's Armour Shop.
   500 | D        | Found Qaabodgh's Antique Armour Shop.
   500 | D        | Found Nealoin's Antique Weapon Shop.
   503 | D        | Noticed a crocodile
   511 | D        | Killed a crocodile
   516 | D        | Found Yschik's Magic Scroll Shop.
   516 | D        | Found Kyokethou's Antique Armour Shop.
   516 | D        | Found Seumeul's Food Boutique.
   517 | D        | Found Ixaebba's Jewellery Boutique.
   517 | D        | Noticed an unseen horror
   518 | D        | Found Planluum's Distillery.
   518 | D        | Found Kiahi's Gadget Boutique.
   518 | D        | Noticed Menkaure
   518 | D        | Noticed an unseen horror
   531 | D        | Noticed a flying skull
   531 | D        | Noticed a flying skull
   531 | D        | Noticed a flying skull
   532 | D        | Noticed a flying skull
   532 | D        | Noticed a flying skull
   532 | D        | Noticed a flying skull
   533 | D        | Noticed a flying skull
   533 | D        | Noticed a flying skull
   533 | D        | Noticed a flying skull
   533 | D        | Noticed a flying skull
   535 | D        | Killed Menkaure
   535 | D        | Reached skill level 5 in Hexes
   536 | D        | Noticed a flying skull
   552 | D        | Found Ugunanok's Book Boutique.
   553 | D        | Found Qorozeri's Book Shoppe.
   553 | D        | Noticed an oklob plant
   557 | D        | Bought a scroll of identify for 22 gold pieces
   557 | D        | Bought a scroll of remove curse for 33 gold pieces
   558 | D        | Noticed a soldier ant
   569 | D        | Bought a scroll of identify for 22 gold pieces
   569 | D        | Bought a scroll of identify for 22 gold pieces
   569 | D        | Bought a scroll of identify for 22 gold pieces
   569 | D        | Bought a scroll of blinking for 82 gold pieces
   570 | D        | Bought the ring "Seugawis" {rPois+ rF+ rN+ MR+ Str+5 Stlth+} for 685 gold pieces
   574 | D        | Bought a potion of degeneration for 10 gold pieces
   574 | D        | Bought a potion of heal wounds for 50 gold pieces
   604 | D        | Found a sparkling altar of Nemelex Xobeh.
   604 | D        | Found an iron altar of Okawaru.
   605 | D        | Found an ancient bone altar of Kikubaaqudgha.
   606 | D        | Found a white marble altar of Elyvilon.
   606 | D        | Found an opulent altar of Gozag.
   606 | D        | Found a stormy altar of Qazlal.
   606 | D        | Found a snail-covered altar of Cheibriados.
   606 | D        | Found a glowing golden altar of the Shining One.
   607 | D        | Found a roughly hewn altar of Beogh.
   610 | D        | Found a burning altar of Makhleb.
   610 | D        | Found a shadowy altar of Dithmenos.
   610 | D        | Found a viscous altar of Jiyva.
   610 | D        | Found a blossoming altar of Fedhas.
   610 | D        | Found a bloodstained altar of Trog.
   610 | D        | Found a corrupted altar of Lugonu.
   610 | D        | Found a shimmering altar of Xom.
   610 | D        | Noticed a wasp
   610 | D        | Noticed a polar bear
   611 | D        | Found a sacrificial altar of Ru.
   611 | D        | Found a basalt altar of Yredelemnul.
   611 | D        | Found a glowing silver altar of Zin.
   611 | D        | Found a deep blue altar of Sif Muna.
   611 | D        | Found a radiant altar of Vehumet.
   611 | D        | Noticed a yaktaur
   612 | D        | Noticed a polar bear
   612 | D        | Noticed a polar bear
   617 | D        | Noticed a crocodile
   618 | D        | Noticed a crocodile
   619 | D        | Became a worshipper of Vehumet
   635 | D        | Noticed a baby alligator
   644 | D        | Slain by a polar bear

Action                   |  1- 3 |  4- 6 |  7- 9 || total
-------------------------+-------+-------+-------++-------
Melee: Dagger            |     7 |    49 |     9 ||    65
 Cast: Ensorcelled Hiber |       |     6 |     1 ||     7
       Confuse           |       |     2 |    12 ||    14
       Sure Blade        |       |       |     1 ||     1
  Use: Potion            |     1 |     3 |     1 ||     5
 Stab: Sleeping          |       |     5 |     6 ||    11
       Confused          |       |       |     2 ||     2
